[Event "*** Titled Tuesday Blitz"]
[Site "Chess.com"]
[Date "2020.04.21"]
[Round "9"]
[White "Sashadav97"]
[Black "ElGasanov"]
[Result "1-0"]
[WhiteElo "2586"]
[BlackElo "2720"]
[TimeControl "180+1"]
[EndTime "11:48:51 PDT"]
[Termination "Sashadav97 won by resignation"]

1. d4 e6 2. c4 Bb4+ 3. Bd2 a5 4. Nc3 f5 5. a3 Bxc3 6. Bxc3 Nf6 7. Nf3 a4 8. e3 O-O 9. Bd3 d6 10. O-O Qe7 11.
Bc2 Bd7 12. Qe2 Nc6 13. Rad1 e5 14. d5 Nd8 15. Nd2 b6 16. f4 Nb7 17. fxe5 dxe5 18.
Bxf5 Nd6 19. Bxd7 Nxd7 20. Rxf8+ Rxf8 21. Rf1 Rxf1+ 22. Qxf1 Qg5 23. Qf2 Nf6 24. Nf3 Qf5 25. Nxe5 Qe4 26. Qf3 Qb1+ 27. Qf1 Qe4 28. Qd3 Qxd3 29.
Nxd3 Nxc4 30. Bxf6 gxf6 31. Kf2 f5 32. Kf3 Kf7 33. Kf4 Kf6 34. e4 fxe4 35. Kxe4 Nd2+ 36. Kf4 Nb3 37. g4 h6 38. h4 Nd2 39. g5+ hxg5+ 40. hxg5+ Kg6 41. Ne5+ Kg7 42. Ke3 Nb3 43. Kd3 Nc5+ 44.
Kc4 1-0

[Event "*** Titled Tuesday Blitz"]
[Site "Chess.com"]
[Date "2020.04.21"]
[Round "9"]
[White "Dinamo81"]
[Black "Oligan22"]
[Result "1-0"]
[WhiteElo "2630"]
[BlackElo "2447"]
[TimeControl "180+1"]
[EndTime "11:48:51 PDT"]
[Termination "Dinamo81 won by resignation"]

1. d4 d5 2. Bf4 Nf6 3. e3 c5 4. Nc3 a6 5. dxc5 Nc6 6. Nf3 e6 7. Na4 Bxc5 8. Nxc5 Qa5+ 9. c3 Qxc5 10. Ne5 O-O 11.
Bd3 b5 12. O-O Nxe5 13. Bxe5 Nd7 14. Bd4 Qe7 15. e4 e5 16. Be3 Bb7 17. exd5 Nf6 18.
d6 Qd7 19. f3 Rfd8 20. Bc5 Ne8 21. Qc2 g6 22. Rad1 Rdc8 23. b4 Qe6 24. d7 Qxd7 25. Bxg6 Qc7 26. Bxh7+ Kg7 27. Bf5 Rd8 28. Qf2 Kg8 29.
Qh4 f6 30. Be6+ Kg7 31. Qg4+ Kh7 32. Qg8+ 1-0

[Event "*** Titled Tuesday Blitz"]
[Site "Chess.com"]
[Date "2020.04.21"]
[Round "9"]
[White "AsaHoffmann"]
[Black "InfiniteAdaption"]
[Result "1-0"]
[WhiteElo "2366"]
[BlackElo "2458"]
[TimeControl "180+1"]
[EndTime "11:48:51 PDT"]
[Termination "AsaHoffmann won by resignation"]

1. d4 Nf6 2. Bg5 Ne4 3. Bf4 d5 4. f3 Nd6 5. Nc3 c6 6. e4 Be6 7. Bd3 g6 8. Nge2 Bg7 9. Qd2 Nd7 10. O-O dxe4 11. fxe4 Nb6 12. b3 O-O 13. Bh6 a5 14. Bxg7 Kxg7 15. a4 Bg4 16. Nf4 Qc7 17. h3 Bd7 18. Rae1 Rad8 19. Qf2 f6 20. e5 fxe5 21.
dxe5 Nf5 22. e6 Bc8 23. Bxf5 Rxf5 24. Qg3 Qd6 25. Ne4 Qd4+ 26. Kh1 Rdf8 27. Qh4 Qe5 28. Ng5 Rxg5 29. Rxe5 Rxe5 30. Qxe7+ Kg8 31. g3 Rxe6 32.
Nxe6 Rxf1+ 33. Kg2 Bxe6 34. Kxf1 1-0

[Event "*** Titled Tuesday Blitz"]
[Site "Chess.com"]
[Date "2020.04.21"]
[Round "9"]
[White "ViktoriyaTarasova"]
[Black "1f3_2g41-0"]
[Result "1-0"]
[WhiteElo "2357"]
[BlackElo "2179"]
[TimeControl "180+1"]
[EndTime "11:48:51 PDT"]
[Termination "ViktoriyaTarasova won by resignation"]

1. d4 Nf6 2. c4 g6 3. Nc3 d5 4.
cxd5 Nxd5 5. g3 Bg7 6. Bg2 Nxc3 7. bxc3 c5 8. e3 O-O 9. Ne2 cxd4 10. cxd4 e5 11.
d5 e4 12. Rb1 Re8 13. O-O Nd7 14. Bb2 Bxb2 15. Rxb2 Nc5 16. Nf4 Qd6 17. Qd4 b6 18. Rfb1 Ba6 19. h4 Rad8 20. a4 Nd3 21. Bxe4 Nxb2 22. Rxb2 Qe5 23. Qxe5 Rxe5 24. Bf3 h6 25. a5 bxa5 26. Ra2 g5 27. hxg5 hxg5 28. Rxa5 gxf4 29.
gxf4 Re7 30. Rxa6 Rb7 31. Kg2 Kf8 32. e4 Ke7 33. e5 Kd7 34. d6 Rdb8 35. Bxb7 Rxb7 36.
Kf3 Ke6 37. Kg4 f5+ 38. Kg5 Rg7+ 39. Kh6 Rd7 40. Kg6 Rb7 41. d7+ Kxd7 42. Kxf5 Ke7 43.
Rh6 Rb8 44. Rh7+ Kd8 45. Rxa7 Rb6 46. e6 Ke8 47. Kf6 Rb8 48. f5 Rc8 49. Rh7 Kd8 50. Rh8+ Kc7 51. Rxc8+ Kxc8 52. e7 1-0

[Event "*** Titled Tuesday Blitz"]
[Site "Chess.com"]
[Date "2020.04.21"]
[Round "9"]
[White "Andreikka"]
[Black "Baby_Legs"]
[Result "1-0"]
[WhiteElo "2948"]
[BlackElo "2714"]
[TimeControl "180+1"]
[EndTime "11:48:52 PDT"]
[Termination "Andreikka won by checkmate"]

1. c4 e6 2. Nc3 d5 3. d4 a6 4. cxd5 exd5 5. Qb3 c6 6. Nf3 Nf6 7. Bg5 Be7 8. e3 O-O 9. Bd3 Nbd7 10. O-O Re8 11. h3 Nf8 12. Bf4 Bd6 13. Bxd6 Qxd6 14. Ne5 N8d7 15. f4 c5 16. Qc2 c4 17. Bf5 b5 18. a3 Nb6 19. Rae1 Re7 20. g4 Bxf5 21.
Qxf5 Nfd7 22. g5 Qe6 23. Qg4 Nxe5 24. fxe5 Qxg4+ 25. hxg4 Raa7 26. Kg2 Rad7 27. Rf3 Re6 28. Rh1 Rg6 29. Rh5 Na4 30. Rfh3 Nxb2 31. Rxh7 Kf8 32.
Rh8+ Ke7 33. Ra8 Na4 34. Rhh8 Rb7 35. Nxd5+ Kd7 36. Rhd8+ Kc6 37. Rac8+ Rc7 38. Rxc7# 1-0

[Event "*** Titled Tuesday Blitz"]
[Site "Chess.com"]
[Date "2020.04.21"]
[Round "9"]
[White "Pavalamalli"]
[Black "Orest_Vovk"]
[Result "0-1"]
[WhiteElo "2226"]
[BlackElo "2452"]
[TimeControl "180+1"]
[EndTime "11:48:52 PDT"]
[Termination "Orest_Vovk won by resignation"]

1. d4 f5 2. Nc3 Nf6 3. f3 e6 4. Bg5 d5 5. Qd2 Be7 6. h4 O-O 7.
O-O-O c5 8. dxc5 Nc6 9. e4 fxe4 10. fxe4 dxe4 11. Qe2 Qa5 12. a3 Qxc5 13. Nxe4 Nxe4 14. Qxe4 Bxg5+ 15. hxg5 Qxg5+ 16. Kb1 Qf5 17. Qh4 Ne5 18. Nf3 Nxf3 19. gxf3 h6 20. Bd3 Qf4 21. Qh5 e5 22. Rdg1 Bf5 23. Bxf5 Rxf5 24. Qg6 Rg5 25. Qe6+ Qf7 26.
Qd6 Rxg1+ 27. Rxg1 Kh8 28. Qxe5 Rf8 29. f4 Qf6 30.
Qc7 Rf7 31. Qc8+ Kh7 32. Rg4 Qf5 33. Qxf5+ Rxf5 34. Kc1 h5 35. Rh4 Kh6 36. Kd2 g5 37. fxg5+ Kxg5 38. Rh2 h4 39. Ke3 Rf7 40. Rg2+ Kh5 41.
Rf2 Rxf2 42. Kxf2 Kg4 43. Kg2 Kf4 44. Kh3 Ke3 45. Kxh4 Kd2 46. Kg5 Kxc2 47. Kf6 Kxb2 48. a4 Kb3 49. a5 Kb4 50. Ke5 Kxa5 0-1

[Event "*** Titled Tuesday Blitz"]
[Site "Chess.com"]
[Date "2020.04.21"]
[Round "9"]
[White "Mizner"]
[Black "MFBerna"]
[Result "1-0"]
[WhiteElo "2512"]
[BlackElo "2372"]
[TimeControl "180+1"]
[EndTime "11:48:53 PDT"]
[Termination "Mizner won by resignation"]

1. e4 c6 2. d4 d5 3. Nd2 dxe4 4. Nxe4 Nf6 5. Nxf6+ exf6 6. c3 Bd6 7. Bd3 O-O 8.
Ne2 Re8 9. O-O Qc7 10. Ng3 Nd7 11. Nf5 Nf8 12. Nxd6 Qxd6 13. Qf3 Ng6 14. Qg3 Qxg3 15.
hxg3 Bg4 16. f3 Bd7 17. g4 Re7 18. Bd2 Rae8 19. Rae1 Rxe1 20. Rxe1 Rxe1+ 21. Bxe1 Nf4 22. Be4 Be6 23. b3 Bd5 24. Bc2 Kf8 25. Bd2 Ne6 26. Bxh7 b5 27. Bd3 Nc7 28. Kf2 Ke7 29. c4 Be6 30. Bb4+ Kd7 31. Bf8 bxc4 32. bxc4 g6 33.
Ke3 Na6 34. d5 cxd5 35. cxd5 Bxd5 36. Bxa6 Bxa2 37. Bc5 Be6 38. Bxa7 1-0

[Event "*** Titled Tuesday Blitz"]
[Site "Chess.com"]
[Date "2020.04.21"]
[Round "9"]
[White "Lagmantr"]
[Black "Mfcyryd"]
[Result "1-0"]
[WhiteElo "2712"]
[BlackElo "2534"]
[TimeControl "180+1"]
[EndTime "11:48:56 PDT"]
[Termination "Lagmantr won by resignation"]

1. e4 c6 2. d4 d5 3. Nc3 dxe4 4. Nxe4 Nf6 5. Nxf6+ exf6 6. c3 Bd6 7. Bd3 O-O 8.
Qc2 h6 9. Ne2 Na6 10. Be3 b5 11. O-O-O Nc7 12. Rdg1 a5 13. g4 Nd5 14. Bd2 a4 15. h4 Re8 16. g5 h5 17. Ng3 Bg4 18.
g6 Nf4 19. Bxf4 Bxf4+ 20. Kb1 Re7 21. gxf7+ Rxf7 22. Bg6 Re7 23. Nxh5 Bxh5 24. Bxh5 Qd5 25. Bg4 b4 26. cxb4 a3 27. Qb3 axb2 28. Qxd5+ cxd5 29. Kxb2 Re4 30. Rd1 Bd2 31. Rxd2 Rxg4 32. a3 Kf7 33. h5 Rg5 34. Rc2 Rh8 35. Rc7+ Ke6 36. a4 Rg2 37. Rc2 Kd6 38. b5 Rg4 39. Rc6+ Kd7 40.
Kc3 Ra8 41. Ra6 Rc8+ 42. Kd3 Rc4 43. f3 Rgxd4+ 44. Ke3 Rxa4 45. h6 Rxa6 46. bxa6 1-0

[Event "*** Titled Tuesday Blitz"]
[Site "Chess.com"]
[Date "2020.04.21"]
[Round "9"]
[White "vovachesss"]
[Black "jaskol95"]
[Result "1-0"]
[WhiteElo "2628"]
[BlackElo "2407"]
[TimeControl "180+1"]
[EndTime "11:48:56 PDT"]
[Termination "vovachesss won by checkmate"]

1. d4 Nf6 2. Nc3 d5 3. Bf4 c6 4. e3 e6 5. Nf3 Nbd7 6. Ne5 Nxe5 7. Bxe5 Bd6 8. f4 Ne4 9. Nxe4 dxe4 10. Bxg7 Rg8 11. Be5 Bxe5 12. dxe5 Qh4+ 13. g3 Rxg3 14. hxg3 Qxh1 15. Qg4 Qg1 16. O-O-O Qxe3+ 17. Kb1 Qb6 18. Bc4 Kf8 19. Qh5 e3 20. Qxh7 e2 21. Bxe2 Ke7 22. Qh4+ Ke8 23. Qh8+ Ke7 24. Qf6+ Ke8 25. Bh5 Qc7 26.
Rd8+ Qxd8 27. Qxf7# 1-0

[Event "*** Titled Tuesday Blitz"]
[Site "Chess.com"]
[Date "2020.04.21"]
[Round "9"]
[White "bazar-wokzal"]
[Black "RaunakSadhwani2005"]
[Result "0-1"]
[WhiteElo "2528"]
[BlackElo "2757"]
[TimeControl "180+1"]
[EndTime "11:48:58 PDT"]
[Termination "RaunakSadhwani2005 won on time"]

1. e4 c5 2. c3 Qa5 3. Nf3 Nc6 4. Bc4 d6 5. O-O Nf6 6. Re1 Bg4 7. Na3 e6 8. h3 Bh5 9. Bb5 Be7 10. Bxc6+ bxc6 11. Nc4 Qa6 12. d3 Nd7 13. Bf4 e5 14. Bh2 O-O 15. Ne3 Rfe8 16. Nf5 Bf8 17. Ng3 Bg6 18.
Nh4 Rab8 19. Qd2 Nf6 20. Nhf5 d5 21. f3 Red8 22. Qe2 c4 23. dxc4 dxe4 24. fxe4 Qb6+ 25. Kh1 Qxb2 26. Qe3 Qb6 27. Nf1 Qxe3 28. Rxe3 Nd7 29. Bg1 f6 30. Ree1 Nc5 31. N1g3 Bf7 32. Ne3 Rd3 33. Rab1 Rbd8 34. Rec1 h5 35. h4 Bg6 36. Nef5 Nxe4 37. Nxe4 Bxf5 38. Nc5 Rd2 39. Rb7 Re2 40. Nb3 Be4 0-1

[Event "*** Titled Tuesday Blitz"]
[Site "Chess.com"]
[Date "2020.04.21"]
[Round "9"]
[White "Camels1981"]
[Black "ahappypawn"]
[Result "1-0"]
[WhiteElo "2113"]
[BlackElo "2359"]
[TimeControl "180+1"]
[EndTime "11:48:58 PDT"]
[Termination "Camels1981 won on time"]

1. e4 g6 2. d4 Bg7 3. Nc3 d6 4.
g3 Nf6 5. Bg2 O-O 6. Nf3 e5 7. O-O Nc6 8. h3 a6 9. Bg5 h6 10. Be3 b5 11. Qd2 Kh7 12. Rad1 b4 13. Nd5 Nxe4 14. Qe1 f5 15. dxe5 Nxe5 16. Nxe5 Bxe5 17.
Nxb4 Bxb2 18. Nd5 Be6 19. Qa5 c6 20. Bb6 Qd7 21. Nf4 Bf7 22. Bd4 Bxd4 23. Rxd4 Rfb8 24. Rfd1 d5 25. c4 Rb2 26. cxd5 Nxf2 27. dxc6 Qa7 28. Rd7 Nxh3+ 29. Kh2 Qf2 30. Rxf7+ Kg8 31. Rb7 Nxf4 32. Rd8+ 1-0

[Event "*** Titled Tuesday Blitz"]
[Site "Chess.com"]
[Date "2020.04.21"]
[Round "9"]
[White "Harsha_Bharathakoti"]
[Black "Harut-1998"]
[Result "1/2-1/2"]
[WhiteElo "2790"]
[BlackElo "2661"]
[TimeControl "180+1"]
[EndTime "11:48:59 PDT"]
[Termination "Game drawn by agreement"]

1. Nf3 d5 2. c4 dxc4 3. e3 Be6 4.
Na3 Nf6 5. Nxc4 Bd5 6. b3 e6 7. Bb2 Nbd7 8. Be2 Be7 9. O-O O-O 10. Rc1 c5 11. d3 Rc8 12. a3 b5 13. Ncd2 Bb7 14.
Qc2 Nd5 15. Qb1 Bf6 16. Ne4 Bxb2 17. Qxb2 Qe7 18. Rc2 N5f6 19. Ned2 h6 20. Rfc1 e5 21. b4 cxb4 22. axb4 Rxc2 23. Rxc2 Nd5 24. Ne4 Qxb4 25. Qxb4 Nxb4 26. Rc7 Bc6 27. Rxa7 Ra8 28. Rxa8+ Bxa8 29. Nc3 Bxf3 30. gxf3 Nc5 31. d4 exd4 32. exd4 Ne6 33. Nxb5 Kf8 34. Bc4 Nf4 35. Nd6 Nc2 36. Nxf7 Nxd4 37.
Ne5 1/2-1/2

[Event "*** Titled Tuesday Blitz"]
[Site "Chess.com"]
[Date "2020.04.21"]
[Round "9"]
[White "MoreChessJulia"]
[Black "cukin84"]
[Result "0-1"]
[WhiteElo "1768"]
[BlackElo "2122"]
[TimeControl "180+1"]
[EndTime "11:48:59 PDT"]
[Termination "cukin84 won by resignation"]

1. d4 f5 2. Nf3 Nf6 3. g3 g6 4. Bg2 Bg7 5. O-O O-O 6. b3 d6 7. Bb2 Qe8 8. Nbd2 Nc6 9. e3 e5 10. dxe5 dxe5 11. Nc4 e4 12. Nd4 Bd7 13. Nxc6 Bxc6 14.
Ne5 Rd8 15. Qe2 Rd6 16. Qc4+ Kh8 17. Rfd1 Re6 18. Nxc6 Rxc6 19. Qe2 Qe7 20. c4 Re8 21. Rac1 h5 22. h4 Ra6 23. a3 Kh7 24. b4 Ng4 25.
Bh3 Bxb2 26. Qxb2 Ne5 27. Bf1 Nf3+ 28. Kh1 Re6 29. c5 g5 30. Bc4 Rg6 31. hxg5 Qxg5 32. Rd7+ Kh6 33. Kg2 Rf6 34. Rh1 Ne5 35. Rd4 Qg4 36.
Be2 Nf3 37. Rd7 Rg6 38. Bxf3 Qxf3+ 39. Kg1 Reg8 40. Qb3 Rxg3+ 41. Kf1 Qxh1+ 0-1

[Event "*** Titled Tuesday Blitz"]
[Site "Chess.com"]
[Date "2020.04.21"]
[Round "9"]
[White "KrolPawel92OnTwitch"]
[Black "tsvet2005"]
[Result "1-0"]
[WhiteElo "2681"]
[BlackElo "2513"]
[TimeControl "180+1"]
[EndTime "11:49:01 PDT"]
[Termination "KrolPawel92OnTwitch won by resignation"]

1. e4 c5 2. Nf3 d6 3. g3 Nf6 4. c3 Nc6 5. Qe2 e5 6. Bg2 Be7 7. O-O O-O 8. d3 Nh5 9. Nbd2 f5 10. exf5 Bxf5 11. Re1 Qd7 12. Nc4 Rae8 13. Bd2 Bd8 14. Ng5 Bg4 15. Bd5+ Kh8 16. f3 Bf5 17. g4 Nf4 18.
Bxf4 exf4 19. Qxe8 Rxe8 20. Rxe8+ Qxe8 21. Nf7+ Qxf7 22. Bxf7 Bxd3 23. Nxd6 Ne5 24. Bd5 Bc7 25. Nxb7 c4 26.
Re1 g6 27. Kg2 Kg7 28. b3 Kf6 29. Nc5 cxb3 30. axb3 Bc2 31. h4 g5 32. hxg5+ Kxg5 33. Ne6+ Kf6 34. Nxc7 Nd3 35. Re6+ Kg7 36. Ne8+ Kf8 37.
Nd6 Nc1 38. Re8+ Kg7 39. g5 h5 40. Re7+ Kf8 41. Rf7+ Kg8 42. Ne8 Nd3 43. Nf6+ 1-0

[Event "*** Titled Tuesday Blitz"]
[Site "Chess.com"]
[Date "2020.04.21"]
[Round "9"]
[White "maxip32"]
[Black "floplover"]
[Result "0-1"]
[WhiteElo "2404"]
[BlackElo "2264"]
[TimeControl "180+1"]
[EndTime "11:49:01 PDT"]
[Termination "floplover won on time"]

1. e4 c6 2. d4 d5 3. e5 Bf5 4. h4 h5 5. c4 e6 6. Nc3 Nd7 7.
cxd5 cxd5 8. Bd3 Bxd3 9. Qxd3 Nh6 10. Nf3 Nf5 11. g3 a6 12. O-O Be7 13. Bg5 Nb6 14. b3 Rc8 15. a4 Bxg5 16. Nxg5 Rc6 17. a5 Nc8 18. Ne2 Na7 19. Rfc1 Rxc1+ 20. Nxc1 Nc6 21. Ne2 Nxa5 22. b4 Nc4 23. b5 a5 24. Nf4 Qb6 25.
Rd1 Qxb5 26. Rb1 Qc6 27. Qd1 b5 28. Nxh5 Kf8 29. g4 Nxh4 30. Kh2 g6 31. Nf6 Nf3+ 32. Kg3 Nxg5 0-1

[Event "*** Titled Tuesday Blitz"]
[Site "Chess.com"]
[Date "2020.04.21"]
[Round "9"]
[White "kingofkolkata"]
[Black "CroissantNeuf"]
[Result "1-0"]
[WhiteElo "2260"]
[BlackElo "2353"]
[TimeControl "180+1"]
[EndTime "11:49:01 PDT"]
[Termination "kingofkolkata won on time"]

1. d4 Nf6 2. c4 e6 3. g3 c5 4. d5 exd5 5. cxd5 d6 6. Nf3 g6 7. Nc3 Bg7 8. Bg2 O-O 9. O-O Re8 10. Nd2 a6 11. a4 Nbd7 12. a5 Rb8 13. Nc4 Ne5 14.
Nxe5 Rxe5 15. Bf4 Re8 16. e4 b5 17. axb6 Qxb6 18. Na4 Qc7 19. Rc1 Nxe4 20. Bxe4 Rxe4 21. Nxc5 Rxf4 22. Nxa6 Qb7 23. Nxb8 Rd4 24. Qc2 Bh3 25. Rfe1 Qxb8 26. Qc6 Qxb2 27. Qe8+ Bf8 28. Rc7 1-0

[Event "*** Titled Tuesday Blitz"]
[Site "Chess.com"]
[Date "2020.04.21"]
[Round "9"]
[White "tonyq11"]
[Black "Kumi29"]
[Result "0-1"]
[WhiteElo "2229"]
[BlackElo "2368"]
[TimeControl "180+1"]
[EndTime "11:49:01 PDT"]
[Termination "Kumi29 won by resignation"]

1. d4 e6 2. c4 b6 3. Nf3 Bb7 4. g3 f5 5. Bg2 Nf6 6. O-O Be7 7. Nc3 O-O 8. b3 d5 9. Bf4 c6 10. Ne5 Nbd7 11. Rc1 Nxe5 12. Bxe5 Ne4 13. f3 Nxc3 14. Rxc3 Bf6 15. Bxf6 Qxf6 16. e4 c5 17. e5 Qe7 18.
f4 Rfd8 19. Kh1 Rac8 20. cxd5 Bxd5 21. Qc2 Bxg2+ 22. Kxg2 Rxd4 23. Rd1 Rcd8 24. Rxd4 Rxd4 25. Rc4 Qb7+ 26. Kh3 Rd8 27. b4 cxb4 28. Rc7 Qf3 29. Qc4 Qh5+ 30. Kg2 Rd2+ 31. Kg1 Qxh2+ 0-1

[Event "*** Titled Tuesday Blitz"]
[Site "Chess.com"]
[Date "2020.04.21"]
[Round "9"]
[White "Kildepiotr"]
[Black "tacticthunder"]
[Result "1-0"]
[WhiteElo "2545"]
[BlackElo "2593"]
[TimeControl "180+1"]
[EndTime "11:49:03 PDT"]
[Termination "Kildepiotr won on time"]

1. Nf3 Nf6 2. g3 b5 3. Bg2 Bb7 4. O-O e6 5. d3 c5 6. a4 a6 7.
e4 Be7 8. e5 Nd5 9. axb5 axb5 10. Rxa8 Bxa8 11. Nbd2 O-O 12. Ne4 f5 13. exf6 Nxf6 14.
Nfg5 Nxe4 15. Nxe4 Nc6 16. Be3 d6 17. Qg4 e5 18.
Nc3 b4 19. Nd5 Kh8 20. Be4 g6 21. Ra1 Bb7 22. Qh3 Kg8 23. Qe6+ Rf7 24. Nxe7+ Qxe7 25. Bd5 Qxe6 26. Bxe6 Kf8 27. Bxf7 Kxf7 28. c3 Ke6 29. f4 exf4 30. Bxf4 Kd5 31. Re1 Ne5 32. Bxe5 dxe5 33. Kf2 Ba6 34. Ke3 Bb5 35. c4+ 1-0

[Event "*** Titled Tuesday Blitz"]
[Site "Chess.com"]
[Date "2020.04.21"]
[Round "9"]
[White "Aikiigm"]
[Black "Leo_C"]
[Result "1-0"]
[WhiteElo "2559"]
[BlackElo "2283"]
[TimeControl "180+1"]
[EndTime "11:49:03 PDT"]
[Termination "Aikiigm won by resignation"]

1. g3 d5 2. Nc3 d4 3. Ne4 f5 4. Ng5 e5 5. d3 h6 6. N5f3 Nc6 7. e3 dxe3 8. Bxe3 Nf6 9. Bg2 Be6 10. Ne2 Bd6 11. Nc3 O-O 12. O-O f4 13. Bd2 fxg3 14.
hxg3 Bg4 15. Qe1 Bb4 16. a3 Bd6 17. Rc1 Qd7 18. Ne4 Nxe4 19. Qxe4 Bf5 20. Qh4 Rae8 21. Rce1 Bg4 22. Nh2 Bf5 23. Bc3 Nd4 24. Bxd4 Be7 25. Qh5 exd4 26. Bxb7 c6 27. Ba6 Bg5 28. Bc4+ Kh7 29.
Nf3 Bf6 30. Rxe8 Rxe8 31. Nh4 Bxh4 32. Qxh4 Re2 33. Bb3 Qe8 34. Qf4 Bh3 35. Rc1 Re1+ 36. Kh2 Rxc1 37. Qxc1 Qh5 38. Qf4 Bg4+ 39. Kg1 Qh3 40. Bf7 g6 41. Be8 Kg7 42. Qf7+ Kh8 43. Qxg6 h5 44. Bf7 Qxg3+ 45. fxg3 1-0

[Event "*** Titled Tuesday Blitz"]
[Site "Chess.com"]
[Date "2020.04.21"]
[Round "9"]
[White "LikeWater"]
[Black "DanilNajdin"]
[Result "1-0"]
[WhiteElo "2675"]
[BlackElo "2413"]
[TimeControl "180+1"]
[EndTime "11:49:04 PDT"]
[Termination "LikeWater won on time"]

1. e4 e5 2. Nf3 Nc6 3. Bc4 Nf6 4. d3 Bc5 5. c3 d6 6. Bb3 h6 7.
h3 a6 8. Nbd2 Be6 9. Bc2 O-O 10.
O-O Kh8 11. Re1 Ng8 12. Nf1 Ba7 13. Ng3 Nge7 14. d4 Bd7 15. Be3 exd4 16. cxd4 f5 17. Qd2 fxe4 18. Bxh6 d5 19. Nh5 Nf5 20. Bxg7+ Kg8 21. Bxf8 Qxf8 22. Qg5+ Kh8 23. Nf6 Be6 24. Bxe4 dxe4 25. Rxe4 Bd5 26. Qg6 Qg7 27. Rh4+ Nxh4 28. Qh5+ 1-0

[Event "*** Titled Tuesday Blitz"]
[Site "Chess.com"]
[Date "2020.04.21"]
[Round "9"]
[White "agus_k"]
[Black "PavlovDanila"]
[Result "0-1"]
[WhiteElo "2614"]
[BlackElo "2753"]
[TimeControl "180+1"]
[EndTime "11:49:05 PDT"]
[Termination "PavlovDanila won by resignation"]

1. d4 Nf6 2. Nf3 g6 3. g3 Bg7 4. Bg2 d6 5. O-O O-O 6. c4 Nbd7 7. Nc3 e5 8. Re1 a6 9. e4 exd4 10. Nxd4 Re8 11. h3 Rb8 12. Be3 c5 13. Nc2 Ne5 14. b3 b5 15. f4 Ned7 16. Qxd6 b4 17.
e5 bxc3 18. exf6 Rb6 19. Qd3 Bxf6 20. Bf2 Rbe6 21. Rxe6 Rxe6 22. Bd5 Re8 23. Rd1 Qc7 24. Bg2 Nb6 25. Ne3 Rd8 26. Nd5 Nxd5 27. cxd5 Bf5 28. Be4 Bxh3 29. d6 Qb6 30. Qd5 Qa5 31. Qxc5 Qxa2 32.
Bd4 Qe2 33. Bxf6 Qxd1+ 34. Kh2 Rxd6 35. Bxc3 Be6 36. Qe5 Qh5+ 37. Kg1 Qxe5 38. Bxe5 Rb6 0-1

[Event "*** Titled Tuesday Blitz"]
[Site "Chess.com"]
[Date "2020.04.21"]
[Round "9"]
[White "Tashik"]
[Black "Evgeny81"]
[Result "0-1"]
[WhiteElo "2547"]
[BlackElo "2717"]
[TimeControl "180+1"]
[EndTime "11:49:05 PDT"]
[Termination "Evgeny81 won by resignation"]

1. c4 e5 2. Nc3 f5 3. g3 Nf6 4.
Nf3 d6 5. d4 e4 6. Nh4 Be7 7. Bg2 O-O 8. O-O Ne8 9. f3 Bxh4 10.
gxh4 exf3 11. Rxf3 Qxh4 12. Bf4 Be6 13. Qb3 Nc6 14. Qxb7 Nxd4 15. Qxa8 Nf6 16. Qxf8+ Kxf8 17. Rff1 Bxc4 18. Bg3 Qg5 19. Rf4 Nxe2+ 20. Nxe2 Bxe2 21. Rc1 Nh5 22. Rfc4 Bxc4 23. Rxc4 Nxg3 24. hxg3 Qe3+ 25. Kh2 c5 26. Rf4 g6 27. Ra4 Qh6+ 28. Kg1 Qc1+ 29. Kh2 Qxb2 30. Rxa7 c4 31. Kh3 c3 32.
Bd5 c2 33. Rf7+ Ke8 0-1

[Event "*** Titled Tuesday Blitz"]
[Site "Chess.com"]
[Date "2020.04.21"]
[Round "9"]
[White "lifeissofun"]
[Black "HouseOfDurin"]
[Result "1-0"]
[WhiteElo "2279"]
[BlackElo "2094"]
[TimeControl "180+1"]
[EndTime "11:49:05 PDT"]
[Termination "lifeissofun won on time"]

1. e4 c5 2. Nf3 Nc6 3. d4 cxd4 4. Nxd4 e5 5. Nb5 d6 6. N1c3 a6 7. Na3 b5 8. Nd5 Nf6 9. Bg5 Be7 10. Bxf6 Bxf6 11. c4 b4 12. Nc2 a5 13. g3 O-O 14.
Bg2 Bg5 15. O-O Be6 16. f4 exf4 17. gxf4 Bh4 18. Kh1 Bxd5 19. Qxd5 Ne7 20. Qh5 Bf6 21. e5 dxe5 22. fxe5 g6 23. Qe2 Bg7 24. Rad1 Qc7 25. Bxa8 Rxa8 26. Qf3 Rf8 27. b3 Qxe5 28. Ne3 Qb2 29.
Rf2 Qc3 30. Nd5 Nxd5 31. Qxd5 h5 32. Rdf1 Qe5 33. Qxe5 Bxe5 34. Rd2 f6 35. Rd5 Ra8 36. Rd7 a4 37. Rg1 g5 38. h4 g4 39. Rf1 axb3 40. axb3 Ra2 41. Rfd1 Rh2+ 42. Kg1 1-0

[Event "*** Titled Tuesday Blitz"]
[Site "Chess.com"]
[Date "2020.04.21"]
[Round "9"]
[White "doons21"]
[Black "RubensCezila"]
[Result "1-0"]
[WhiteElo "2606"]
[BlackElo "2422"]
[TimeControl "180+1"]
[EndTime "11:49:06 PDT"]
[Termination "doons21 won by resignation"]

1. e4 c6 2. d4 d5 3. f3 e6 4. Nc3 Nd7 5. Bf4 Ne7 6. Qd3 Ng6 7. Be3 Bb4 8. e5 f6 9. f4 fxe5 10. fxe5 c5 11. a3 cxd4 12. Bxd4 Bc5 13. Nf3 O-O 14.
h4 Bxd4 15. Qxd4 Qc7 16. O-O-O Ngxe5 17. Ng5 Nf6 18. Nb5 Qb8 19. Re1 Nc6 20. Qd2 e5 21.
c4 d4 22. c5 b6 23. Bc4+ Kh8 24. Nd6 bxc5 25. Ndf7+ Rxf7 26. Nxf7+ Kg8 27. Nxe5+ 1-0

[Event "*** Titled Tuesday Blitz"]
[Site "Chess.com"]
[Date "2020.04.21"]
[Round "9"]
[White "Kavyev_Ruslan"]
[Black "Usurpov"]
[Result "1-0"]
[WhiteElo "2597"]
[BlackElo "2448"]
[TimeControl "180+1"]
[EndTime "11:49:08 PDT"]
[Termination "Kavyev_Ruslan won by resignation"]

1. e4 c5 2. Nf3 e6 3. g3 d5 4. exd5 exd5 5. Bg2 Nf6 6. O-O Be7 7. d4 O-O 8. c4 dxc4 9. Na3 c3 10. bxc3 Nc6 11.
Rb1 cxd4 12. Nxd4 Nxd4 13. Qxd4 Qxd4 14. cxd4 Be6 15. Rxb7 Bxa3 16. Bxa3 Rfb8 17. Rfb1 Rxb7 18. Rxb7 Nd5 19. Bc5 a6 20. h4 h5 21. Bf3 g6 22.
a4 a5 23. Rb5 Ra6 24. Be2 Ra8 25.
Bf3 Ra6 26. Rb3 Kg7 27. Be2 Ra8 28. Bd6 Nb4 29. Rc3 Nd5 30. Rc5 Rd8 31. Be5+ f6 32. Bc7 Nxc7 33. Rxc7+ Rd7 34. Rxd7+ Bxd7 35. Bd1 Kf7 36.
Kf1 Ke6 37. Ke2 Kd5 38. Kd3 Bf5+ 39. Kc3 Ke4 40. Bc2+ 1-0

[Event "*** Titled Tuesday Blitz"]
[Site "Chess.com"]
[Date "2020.04.21"]
[Round "9"]
[White "axvesik"]
[Black "mathapples"]
[Result "0-1"]
[WhiteElo "2457"]
[BlackElo "2351"]
[TimeControl "180+1"]
[EndTime "11:49:08 PDT"]
[Termination "mathapples won by resignation"]

1. e4 c6 2. d4 d5 3. Nc3 dxe4 4.
Nxe4 Nd7 5. Bd3 Ngf6 6. Ng5 e6 7. Qe2 Bd6 8. N1f3 h6 9. Ne4 Nxe4 10. Qxe4 Nf6 11. Qe2 O-O 12. c4 c5 13. dxc5 Bxc5 14. O-O b6 15. b3 Bb7 16. Bb2 Qc7 17. Ne5 Rad8 18. Rad1 Rd6 19. Ng4 Nxg4 20. Qxg4 f5 21. Qg3 Rd7 22. Be5 Qc6 23. Be2 f4 24. Qg4 Rdf7 25.
Bf3 Qc8 26. Bxb7 Rxb7 27. Rd3 Rbf7 28. Rfd1 f3 29. g3 Qc6 30. a3 Bxa3 31. h4 Be7 32.
Rd7 Bf6 33. Rxf7 Rxf7 34. Rd8+ Bxd8 0-1

[Event "*** Titled Tuesday Blitz"]
[Site "Chess.com"]
[Date "2020.04.21"]
[Round "9"]
[White "chenrip"]
[Black "Olga_Zhuravleva"]
[Result "0-1"]
[WhiteElo "2340"]
[BlackElo "2212"]
[TimeControl "180+1"]
[EndTime "11:49:09 PDT"]
[Termination "Olga_Zhuravleva won by checkmate"]

1. e4 e5 2. Nf3 Nc6 3. d4 exd4 4. Nxd4 Nf6 5. Nxc6 bxc6 6. Qe2 Qe7 7. Nc3 a5 8. Bg5 h6 9. Bh4 Ba6 10. Qe3 Bxf1 11. Rxf1 Qb4 12. O-O-O Bc5 13. Qd3 d6 14. e5 Qxh4 15. exf6 Qxf6 16. Rde1+ Kf8 17. Ne4 Qf4+ 18.
Kb1 Bb6 19. g3 Qf5 20. Qc3 Qb5 21. g4 Rb8 22. f4 a4 23. a3 Ba5 24. Qd4 c5 25.
Nxc5 dxc5 26. Qe5 Bxe1 27. Rxe1 Kg8 28. g5 hxg5 29. fxg5 Rh5 30. h4 Rxh4 31. g6 fxg6 32. Rg1 Qb6 33. c4 Kh7 34. Rg3 Rh1+ 35. Ka2 Qb3+ 36.
Rxb3 axb3# 0-1